AoeStats
← Gonz

Arabia

505792741Analyzed
3v3 RM · 21d ago on Sep 11, 2026· 53m 3s· 6 players
Game mode
Random Map
Map size
Normal (6 player)
Population
200
Speed
Normal
Resources
Standard
Victory
Conquest
Starting age
Dark Age
Ending age
Imperial Age
RankedLock teamsTeams togetherTeam positionsShared explorationLock speedFull tech treeHidden civsTurbo modeCheats
Victory
Defeat
🇦🇷 Shu · Argentina
1415
+12
🇦🇷 Turks · Argentina
1332
+15
🇦🇷 Portuguese · Argentina
1269
+17
🇦🇷 Slavs · Argentina
1400
-17
🇦🇷 Malians · Argentina
1379
-18
🇦🇷 Lithuanians · Argentina
1147
-9
Nachom
7:06 Loom
9:36 Feudal Age
10:14 Double-Bit Axe
14:24 Fletching
15:28 Padded Archer Armor
16:32 Horse Collar
20:58 Castle Age
21:38 Bodkin Arrow
22:42 Crossbowman
24:04 Elite Skirmisher
27:32 Ballistics
33:12 Town Watch
35:27 Wheelbarrow
37:34 Heavy Plow
37:57 Bow Saw
42:11 Thumb Ring
45:08 Imperial Age
43:31 Gold Mining
45:56 Leather Archer Armor
46:53 Chemistry
46:52 Stone Mining
48:48 Conscription
49:31 Arbalester
51:29 Gold Shaft Mining
Gonz
6:41 Loom
9:21 Feudal Age
19:30 Horse Collar
23:27 Fletching
26:54 Castle Age
25:00 Double-Bit Axe
27:03 Elite Skirmisher
27:41 Bodkin Arrow
30:37 Pikeman
31:39 Bow Saw
32:30 Padded Archer Armor
37:56 Leather Archer Armor
45:00 Imperial Age
Nicoc
7:29 Loom
9:41 Feudal Age
14:15 Double-Bit Axe
16:06 Scale Barding Armor
18:18 Forging
24:22 Castle Age
22:58 Bloodlines
23:07 Gold Mining
24:19 Horse Collar
25:27 Chain Barding Armor
24:28 Light Cavalry
28:11 Iron Casting
34:14 Husbandry
44:59 Wheelbarrow
jerius02
7:10 Loom
7:15 Loom
9:36 Feudal Age
11:45 Double-Bit Axe
17:04 Forging
18:31 Scale Barding Armor
21:14 Horse Collar
24:16 Castle Age
23:48 Bloodlines
23:31 Gold Mining
26:36 Iron Casting
26:51 Husbandry
26:58 Heavy Plow
29:47 Wheelbarrow
29:37 Bow Saw
30:40 Chain Barding Armor
36:26 Hand Cart
35:57 Town Watch
49:20 Imperial Age
48:59 Town Patrol
49:43 Fletching
51:03 Blast Furnace
49:30 Cavalier
50:55 Plate Barding Armor
52:21 Blast Furnace
52:38 Conscription
Clancy |-/
6:19 Loom
9:14 Feudal Age
10:48 Double-Bit Axe
14:21 Fletching
16:11 Padded Archer Armor
23:13 Castle Age
23:22 Horse Collar
23:33 Gold Mining
23:51 Bodkin Arrow
23:16 Crossbowman
25:24 Thumb Ring
27:03 Ballistics
29:40 Bow Saw
30:00 Leather Archer Armor
31:56 Wheelbarrow
31:07 Town Watch
33:46 Pikeman
34:27 Scale Mail Armor
38:49 Imperial Age
39:33 Bracer
38:54 Arbalester
40:06 Ring Archer Armor
41:47 Chemistry
41:24 Heavy Plow
42:45 Hand Cart
43:04 Chain Mail Armor
42:51 Squires
51:22 Plate Mail Armor
50:13 Halberdier
51:49 Forging
Anfauglir8434
6:29 Loom
9:04 Feudal Age
9:38 Double-Bit Axe
16:17 Fletching
20:31 Wheelbarrow
23:31 Castle Age
23:04 Padded Archer Armor
22:59 Horse Collar
23:21 Gold Mining
24:09 Bodkin Arrow
23:35 Crossbowman
26:00 Leather Archer Armor
27:57 Thumb Ring
31:02 Ballistics
31:30 Bloodlines
34:00 Husbandry
41:50 Imperial Age
39:37 Hand Cart
39:08 Town Watch
44:19 Imperial Age
45:04 Bracer
45:29 Heavy Cavalry Archer
49:36 Parthian Tactics
49:42 Ring Archer Armor
50:51 Scale Barding Armor
51:30 Sipahi
53:08 Chain Barding Armor
Connection lost

Rejoining the realm…

Still unreachable

The connection could not be restored.

Session expired

The server has moved on; the page needs a fresh start.